 Dungeon Crawl Stone Soup version 0.24.0-123-gd5b16e6ec5 (webtiles) character file.

Game seed: 4852574589613235673, levelgen mode: deterministic

140 Descartes the Sneak (level 5, 0/21 HPs)
             Began as a Felid Enchanter on Feb 4, 2020.
             Slain by an ogre
             ... wielding a +0 giant club
              (21 damage)
             ... on level 4 of the Dungeon.
             The game lasted 00:08:51 (4824 turns).

Descartes the Sneak (Felid Enchanter)               Turns: 4824, Time: 00:08:51

Health: 0/21       AC:  1    Str:  5    XL:     5   Next: 2%
Magic:  9/9        EV: 20    Int: 17    God:
Gold:   142        SH:  0    Dex: 16    Spells: 4/9 levels left
                                        Lives:  0   Deaths: 1

rFire    . . .     SeeInvis +     - Unarmed
rCold    . . .     Gourm    .   (shield unavailable)
rNeg     . . .     Faith    .   (armour unavailable)
rPois    .         Spirit   .   (helmet unavailable)
rElec    .         Reflect  .   (cloak unavailable)
rCorr    .         Harm     .   (gloves unavailable)
MR       .....                  (boots unavailable)
Stlth    ++++++....             (no amulet)
HPRegen  0.07/turn              f - ring of stealth
MPRegen  0.11/turn              n - ring of stealth

@: quick
A: very small, no armour, no weapons or thrown items, stealth, claws 1, fangs 3,
see invisible, carnivore, speed 1, shaggy fur 1, slow metabolism 1, sharp paws
a: no special abilities


You were on level 4 of the Dungeon.
You were very full.

You visited 1 branch of the dungeon, and saw 4 of its levels.

You collected 142 gold pieces.

Inventory:

Missiles
 d - 84 arrows
 j - 23 stones
Jewellery
 f - a ring of stealth (left paw)
 n - a ring of stealth (right paw)
Scrolls
 a - 2 scrolls of magic mapping {unknown}
 e - 2 scrolls of teleportation {unknown}
 g - a scroll of enchant weapon {unknown}
 h - a scroll of enchant armour {unknown}
 i - 2 scrolls of remove curse {unknown}
 l - 5 scrolls of identify {unknown}
 m - a scroll of immolation {unknown}
Potions
 c - a potion of degeneration {unknown}
 k - a potion of heal wounds {unknown}
 o - a potion of ambrosia {unknown}
 p - a potion of cancellation {unknown}
Comestibles
 b - 9 rations


   Skills:
 * Level 4.8 Dodging
 * Level 5.9 Stealth
 + Level 2.1 Unarmed Combat
 + Level 2.5 Spellcasting
 + Level 4.9 Hexes


You had 4 spell levels left.
You knew the following spells:

 Your Spells              Type           Power        Failure   Level  Hunger
a - Confusing Touch       Hex            ###...       2%          1    #......
b - Confuse               Hex            ###.....     8%          3    ###....
c - Corona                Hex            ###....      2%          1    #......

Your spell library contained the following spells:

 Spells                   Type           Power        Failure   Level  Hunger
 Tukima's Dance           Hex            ###.....     8%          3    ###....
 Ensorcelled Hibernation  Hex/Ice        ##....       10%         2    ##.....
 Animate Skeleton         Necr           N/A          19%         1    #......
 Apportation              Tloc           #.....       19%         1    #......
 Summon Small Mammal      Summ           #...         19%         1    #......
 Dazzling Spray           Conj/Hex       ##....       21%         3    ###....


Dungeon Overview and Level Annotations

Branches:
Dungeon (4/15)
 Temple: D:4-7

Altars:
Dithmenos
Zin

Annotations:
D:4 Robin


Innate Abilities, Weirdness & Mutations

You cannot wear armour.
You are incapable of wielding weapons or throwing items.
Your paws allow you to move quietly. (Stealth)
You have sharp claws.
You have razor-sharp teeth.
You have supernaturally acute eyesight. (SInv)
You are carnivorous and can eat meat at any time.
You cover ground quickly.
You are covered in fur. (AC +1)
You have a slow metabolism.
Your sharp claws are effective at attacking unaware monsters.


Message History

You see here a +0 dagger.
You scratch the goblin.
You kill the goblin!
Casting: Confusing Touch (safe; 2% risk of failure)
Confirm with . or Enter, or press ? or * to list all spells.
You don't know that spell.
You start resting.
Magic restored.
You start resting.
HP restored.
An ogre comes into view. It is wielding a +0 giant club.
The helpless ogre fails to defend itself.
You claw the ogre!
The ogre is heavily wounded.
The ogre completely misses you.
You scratch the ogre.
The ogre is severely wounded.
The ogre hits you with a +0 giant club!!
Ouch! That really hurt!
You die...

# .# #####.## ≈≈
.......### ###≈
.....#.... ..#≈
.......#### ...
........... #..
.......## #.#
.......# #O# ....<..#
#@# #...#### #.#
....# #.# . #...#
########.##....
#...## #...........#
..#..####.######.##.#
.###......# #.# #
..#..###### #.#
#...## ...


You could see an ogre.

Vanquished Creatures
  A hound (D:4)
  Terence (D:3)
  A worker ant (D:4)
  2 adders (D:2)
  2 oozes
  An adder skeleton (D:2)
  3 worms (D:3)
  A dart slug (D:2)
  3 leopard geckos
  4 giant cockroaches (D:2)
  10 goblins
  7 hobgoblins
  2 jackals (D:2)
  3 quokkas
  4 bats
  2 frilled lizards
  A jackal skeleton (D:4)
  8 kobolds
  8 rats
64 creatures vanquished.

Notes
Turn   | Place    | Note
-------+----------+-------------------------------------------
     0 | D:1      | Descartes the Felid Enchanter began the quest for the Orb.
     0 | D:1      | Reached XP level 1. HP: 7/7 MP: 4/4
   513 | D:1      | Reached XP level 2. HP: 6/11 MP: 6/6
  1767 | D:2      | Reached XP level 3. HP: 9/14 MP: 7/7
  1960 | D:2      | Learned a level 3 spell: Confuse
  2041 | D:2      | Reached skill level 5 in Stealth
  2610 | D:2      | Learned a level 1 spell: Confusing Touch
  2652 | D:2      | Found a shadowy altar of Dithmenos.
  2696 | D:2      | Reached XP level 4. HP: 17/18 MP: 8/8
  3211 | D:3      | Slain by a worm
  3212 | D:3      | Reached XP level 3. HP: -3/14 MP: 7/7
  3772 | D:3      | Found a glowing silver altar of Zin.
  3877 | D:3      | Noticed Terence
  3897 | D:3      | Killed Terence
  3897 | D:3      | Reached XP level 4. HP: 8/18 MP: 8/8
  4420 | D:4      | Reached XP level 5. HP: 8/21 MP: 7/9
  4739 | D:4      | Noticed Robin
  4818 | D:4      | Noticed an ogre
  4824 | D:4      | Slain by an ogre

Levels and vault maps discovered:
D:1:      ncdulo_smallfort, layout_rooms, chequers_serial_rivers_micro_e
D:2:      layout_loops_ring, grunt_dithmenos_smoke
D:3:      layout_loops_ring, lemuel_crystal_altar, uniq_terence
D:4:      layout_loops_ring, minivault_4, uniq_robin

Skill      XL: |  1  2  3  4 |
---------------+-------------+-----
Dodging        | 3 4 |  4.8
Stealth        | 5 |  5.9
Unarmed Combat | 2 |  2.1
Spellcasting   | |  2.5
Hexes          | |  4.9

Action                   |  1- 3 |  4- 6 || total
-------------------------+-------+-------++-------
Melee: Unarmed           |   166 |    69 ||   235
       Bite              |    10 |     7 ||    17
       Punch             |     2 |     1 ||     3
 Cast: Confusing Touch   |     4 |    13 ||    17
 Stab: Sleeping          |    19 |     2 ||    21
       Confused          |     5 |    11 ||    16
  Eat: Chunk             |    17 |     3 ||    20
Armor: Skin              |     4 |     2 ||     6
Dodge: Dodged            |   106 |    36 ||   142
